 Dungeon Crawl Stone Soup version 0.28.0-53-g5a82cb258f (webtiles) character file.

Game seed: 17251063832269406450

1643 ZappyNine the Tainter (level 8, 0/73 HPs)
             Began as a Naga Venom Mage on May 31, 2022.
             Slain by a bullfrog zombie (1 damage)
             ... on level 6 of the Dungeon.
             The game lasted 00:10:09 (7797 turns).

ZappyNine the Tainter (Naga Venom Mage)             Turns: 7797, Time: 00:10:11

Health: 0/73       AC:  7    Str: 10      XL:     8   Next: 99%
Magic:  15/15      EV:  9    Int: 17      God:
Gold:   189        SH:  0    Dex: 12 (13) Spells: 9/16 levels left

rFire   . . .      SeeInvis +   a - +2 dagger (elec)
rCold   . . .      Faith    .   (no shield)
rNeg    . . .      Spirit   .   d - +0 acid dragon scales
rPois   +          Reflect  .   (no helmet)
rElec   .          Harm     .   (no cloak)
rCorr   +          Rampage  .   (no gloves)
Will    +....      Clarity  +   (no barding)
Stlth   ++........              (no amulet)
HPRegen 0.22/turn               (no ring)
MPRegen 0.14/turn               (no ring)

@: short of breath, unable to read, very slow
A: AC +2, large, see invisible, deformed body, poison resistance, slowness 2,
spit poison 2, naga tail 1, clarity, deterioration 1, inability to read while
threatened
a: Breathe Poison Gas


You were on level 6 of the Dungeon.
You visited 1 branch of the dungeon, and saw 6 of its levels.

You collected 189 gold pieces.

Inventory:

Hand Weapons
 a - a +2 dagger of electrocution (weapon)
Armour
 d - +0 acid dragon scales (worn)
Jewellery
 e - a ring of fire
Scrolls
 f - a scroll of enchant weapon
 g - 2 scrolls of identify
 h - a scroll of fog {unknown}
 o - a scroll of teleportation
Potions
 b - a potion of curing
 c - 2 potions of heal wounds {unknown}
 i - a potion of haste
 n - a potion of lignification


   Skills:
 + Level 4.4 Fighting
 + Level 5.0 Armour
 - Level 1.5 Dodging
 - Level 3.0 Stealth
 + Level 4.8 Spellcasting
 - Level 1.0 Transmutations
 * Level 9.0 Poison Magic


You had 9 spell levels left.
You knew the following spells:

 Your Spells              Type           Power      Damage    Failure   Level
a - Sting                 Tmut/Pois      84%        1d7       2%          1
b - Poisonous Vapours     Pois/Air       38%        N/A       5%          2
c - Olgreb's Toxic Radia  Pois           34%        N/A       5%          4

Your spell library contained the following spells:

 Spells                   Type           Power      Damage    Failure   Level
 Spider Form              Tmut/Pois      21%        N/A       9%          3
 Mephitic Cloud           Conj/Pois/Air  14%        N/A       19%         3
 Summon Small Mammal      Summ           16%        N/A       22%         1
 Ensorcelled Hibernation  Hex/Ice        8%         N/A       32%         2
 Call Canine Familiar     Summ           4%         N/A       54%         3
 Inner Flame              Hex/Fire       4%         N/A       54%         3
 Portal Projectile        Hex/Tloc       8%         N/A       54%         3
 Summon Guardian Golem    Hex/Summ       4%         N/A       54%         3
 Anguish                  Hex/Necr       2%         N/A       91%         4
 Cause Fear               Hex            2%         N/A       91%         4
 Blade Hands              Tmut           3%         N/A       99%         5
 Excruciating Wounds      Necr           2%         N/A       99%         5
 Discord                  Hex            2%         N/A       100%        8


Dungeon Overview and Level Annotations

Branches:
Dungeon (6/15)
 Temple: D:4-7

Altars:
Nemelex Xobeh
Trog

Shops:
D:6 [

Annotations:
D:6 1 runed translucent door


Innate Abilities, Weirdness & Mutations

Your serpentine skin is tough. (AC +2)
You have supernaturally acute eyesight. (SInv)
Armour fits poorly on your strangely shaped body.
Your system is resistant to poisons. (rPois)
You cover ground very slowly.
You can exhale a cloud of poison.
You have a snake-like lower body.
You possess an exceptional clarity of mind.
Your body sometimes deteriorates upon taking damage.
You sometimes lose the ability to read scrolls when taking damage.


Message History

Press: ? - help, Shift-Dir - straight line, f - ogre
Aim: an ogre, wielding a +0 giant club (81% to hit)
You exhale a blast of poison gas.
The poison gas hits the bullfrog zombie.
The bullfrog zombie completely resists.
The poison gas hits the ogre.
The ogre is poisoned.
The ogre is moderately wounded.
The bullfrog zombie barely misses you.
The ogre is engulfed in poison gas.
The ogre looks even sicker.
Unknown command.
Unknown command.
You hit the ogre but do no damage.
The ogre is moderately wounded.
You hit the ogre.
The ogre is heavily wounded.
The ogre is engulfed in poison gas.
The ogre looks even sicker.
The ogre barely misses you.
You hit the ogre.
The ogre is severely wounded.
The ogre hits you with a +0 giant club.
You hit the ogre.
The ogre is almost dead.
The ogre hits you with a +0 giant club!!
* * * LOW HITPOINT WARNING * * *
You hit the ogre.
The ogre is almost dead.
You kill the ogre!
You feel your strength returning.
Your Armour skill increases to level 5!
Your Poison Magic skill increases to level 9!
You hit the bullfrog zombie.
The bullfrog zombie is lightly damaged.
The bullfrog zombie hits you but does no damage.
You hit the bullfrog zombie.
Lightning courses through the bullfrog zombie!
The bullfrog zombie is severely damaged.
The bullfrog zombie hits you.
* * * LOW HITPOINT WARNING * * *
The bullfrog zombie hits you.
You die...

#. .. ###. #...#####
.. #.[.....#...
#+##...........
...........# ..
...####Z#.....#
#@###.... #.#
.########.....?.. #..
.............#### ..#
.............# ..#
.............# ####..#
........###.####.....#
......>..##.###......#
........∩............#
........##.###.......#


You could see a bullfrog zombie.

Vanquished Creatures
  A moth of wrath (D:5)
  A wyvern (D:5)
  A black bear (D:5)
  2 ogres
  3 phantoms
  A scorpion (D:5)
  A howler monkey (D:5)
  2 bullfrog zombies (D:5)
  3 hounds
  2 orc priests (D:5)
  Ijyb (D:3)
  Natasha (thrice) (D:3)
  An orc wizard (D:4)
  A hound skeleton (D:4)
  Robin (D:4)
  6 adders
  An adder skeleton (D:2)
  5 worms
  4 dart slugs
  6 orcs
  6 bats
  5 endoplasms
  2 giant cockroaches
  10 hobgoblins
  3 jackals (D:4)
  5 kobolds
  3 quokkas
  4 ball pythons
  2 frilled lizards
  15 goblins
  8 rats
109 creatures vanquished.

Vanquished Creatures (others)
  5 toadstools (D:1)
5 creatures vanquished.

Grand Total: 114 creatures vanquished

Notes
Turn   | Place    | Note
-------+----------+-------------------------------------------
     0 | D:1      | ZappyNine the Naga Venom Mage began the quest for the Orb.
     0 | D:1      | Reached XP level 1. HP: 15/15 MP: 3/3
   441 | D:1      | Reached XP level 2. HP: 20/24 MP: 5/5
   632 | D:1      | You fall into a shaft and drop 1 floor!
   852 | D:2      | Learned a level 2 spell: Poisonous Vapours
   925 | D:2      | Reached skill level 1 in Fighting
   925 | D:2      | Reached XP level 3. HP: 22/31 MP: 1/6
  1626 | D:2      | Reached skill level 1 in Armour
  2305 | D:3      | Noticed a phantom
  2310 | D:3      | Reached XP level 4. HP: 37/38 MP: 2/7
  2338 | D:3      | Killed a phantom
  2339 | D:3      | Reached XP level 5. HP: 10/44 MP: 4/8
  2372 | D:3      | Learned a level 4 spell: Olgreb's Toxic Radiance
  2699 | D:3      | Noticed Natasha
  2711 | D:3      | Killed Natasha
  2712 | D:3      | Reached skill level 5 in Poison Magic
  2971 | D:3      | Found a sparkling altar of Nemelex Xobeh.
  3067 | D:3      | Noticed Ijyb
  3077 | D:3      | Paralysed by Ijyb for 2 turns
  3109 | D:3      | Killed Ijyb
  3506 | D:3      | Noticed Natasha
  3519 | D:3      | Killed Natasha
  3520 | D:3      | Reached XP level 6. HP: 47/51 MP: 1/9
  3579 | D:3      | Noticed Natasha
  3588 | D:3      | Killed Natasha
  3993 | D:4      | Reached skill level 6 in Poison Magic
  4701 | D:4      | Reached XP level 7. HP: 56/58 MP: 11/11
  4702 | D:4      | Noticed Robin
  4710 | D:4      | Killed Robin
  4976 | D:4      | Gained mutation: You can exhale a cloud of poison. [potion
                  | of mutation]
  4976 | D:4      | Gained mutation: You possess an exceptional clarity of
                  | mind. [potion of mutation]
  4976 | D:4      | Gained mutation: You have hidden genetic defects. [potion
                  | of mutation]
  5548 | D:5      | Entered Level 5 of the Dungeon
  5584 | D:5      | Gained mutation: You sometimes lose the ability to read
                  | scrolls when taking damage. [hidden defects]
  5963 | D:5      | Gained mutation: Your body sometimes deteriorates upon
                  | taking damage. [hidden defects]
  5963 | D:5      | Lost mutation: You have hidden genetic defects. [hidden
                  | defects expressed]
  6039 | D:5      | Reached skill level 7 in Poison Magic
  6346 | D:5      | Noticed a wyvern
  6353 | D:5      | Killed a wyvern
  6354 | D:5      | Reached XP level 8. HP: 26/69 MP: 6/13
  6917 | D:5      | Noticed a moth of wrath
  6923 | D:5      | Found a bloodstained altar of Trog.
  6936 | D:5      | Killed a moth of wrath
  6937 | D:5      | Reached skill level 8 in Poison Magic
  7654 | D:6      | Found Dekkuo's Antique Armour Shop.
  7782 | D:6      | Found a runed translucent door.
  7794 | D:6      | HP: 2/72 [ogre/+0 giant club (21)]
  7796 | D:6      | Reached skill level 5 in Armour
  7796 | D:6      | Reached skill level 9 in Poison Magic
  7797 | D:6      | Slain by a bullfrog zombie

Illustrated notes

Levels and vault maps discovered:
D:1:      dpeg_arrival_signposts, layout_loops_ring, minmay_gold_behind_fungi,
          st_stairs_11
D:2:      layout_basic, lemuel_another_geyser
D:3:      layout_basic, nemelex_diamond_rough_becter, minmay_pentomino_pile,
          uniq_ijyb, uniq_natasha
D:4:      layout_gridville, uniq_robin
D:5:      layout_basic, tgw_trog, chequers_serial_rivers_micro_e,
          feat_on_display
D:6:      layout_rooms, amcnicky_altar_gilded, serial_shops, shop,
          gammafunk_ghost_grave, kennysheep_path_1

Skill      XL: |  1  2  3  4  5  6  7  8 |
---------------+-------------------------+-----
Fighting       | 1 3 4 |  4.4
Armour         | 1 3 4 5 |  5.0
Poison Magic   | 5 6 7 9 |  9.0
Spellcasting   | 3 4 |  4.8
Dodging        | |  1.5
Stealth        | |  3.0
Transmutations | |  1.0

Action                   |  1- 3 |  4- 6 |  7- 9 || total
-------------------------+-------+-------+-------++-------
Melee: Short sword       |    91 |   222 |    55 ||   368
       Unarmed           |     1 |       |       ||     1
       Punch             |       |     3 |     4 ||     7
       Dagger            |       |       |   125 ||   125
 Cast: Sting             |    10 |     2 |       ||    12
       Poisonous Vapours |    12 |    18 |    15 ||    45
       Olgreb's Toxic Ra |       |       |     5 ||     5
 Abil: Spit Poison       |     7 |     6 |       ||    13
       Breathe Poison Ga |       |       |     4 ||     4
  Use: Potion            |       |     2 |     1 ||     3
       Scroll            |       |       |     6 ||     6
 Stab: Sleeping          |     1 |     1 |     1 ||     3
       Distracted        |     1 |       |       ||     1
Armor: Robe              |     3 |       |       ||     3
       Acid dragon scale |    26 |   167 |    96 ||   289
Dodge: Dodged            |    57 |   154 |    84 ||   295
